 Dungeon Crawl Stone Soup version 0.28-a0-991-g956f0ee3d5 (webtiles) character file.

Game seed: 10404807648871596952

86 MacCMillion the Chiller (level 4, 0/34 HPs)
             Began as a Demonspawn Ice Elementalist on Dec 5, 2021.
             Was a Plaything of Xom.
             Slain by a shadow imp (5 damage)
             ... summoned by Xom
             ... on level 3 of the Dungeon.
             The game lasted 00:05:07 (2830 turns).

MacCMillion the Chiller (DsIE)                      Turns: 2830, Time: 00:05:07

Health: 0/34       AC:  2    Str:  8    XL:     4   Next: 27%
Magic:  15/16      EV: 12    Int: 16    God:    Xom [......]
Gold:   74         SH:  0    Dex: 14    Spells: 3/7 levels left

rFire   . . .      SeeInvis .   d - +0 dagger
rCold   . . .      Faith    .   (no shield)
rNeg    . . .      Spirit   .   a - +0 robe
rPois   .          Reflect  .   (no helmet)
rElec   .          Harm     .   (no cloak)
rCorr   .          Rampage  .   (no gloves)
Will    .....                   (no boots)
Stlth   ++........              (no amulet)
HPRegen 0.11/turn               b - ring of flight
MPRegen 0.30/turn               m - ring of magical power

@: freezing walls, flying
A: magic regeneration, robust 1, weak 1
a: Renounce Religion


You were on level 3 of the Dungeon.
You worshipped Xom.
You were a very special plaything of Xom.
You visited 1 branch of the dungeon, and saw 3 of its levels.

You collected 74 gold pieces.

Inventory:

Hand Weapons
 d - a +0 dagger (weapon)
 g - a +0 long sword
Armour
 a - a +0 robe (worn)
 n - a +0 chain mail
Jewellery
 b - a ring of flight (left hand)
 m - a ring of magical power (right hand)
Wands
 h - a wand of acid (5)
Scrolls
 c - 8 scrolls of identify {unknown}
Potions
 e - 2 potions of haste {unknown}
 f - a potion of heal wounds {unknown}
 i - a potion of degeneration {unknown}
 j - 3 potions of magic {unknown}
 k - a potion of flight {unknown}
 l - a potion of might {unknown}
 o - a potion of brilliance {unknown}
 p - a potion of curing {unknown}


   Skills:
 + Level 0.7 Fighting
 - Level 1.7 Dodging
 - Level 1.7 Stealth
 - Level 2.0 Spellcasting
 + Level 5.2 Ice Magic


You had 3 spell levels left.
You knew the following spells:

 Your Spells              Type           Power      Damage    Failure   Level
a - Freeze                Ice            72%        1d9       2%          1
b - Frozen Ramparts       Ice            36%        1d5       8%          3

Your spell library contained the following spells:

 Spells                   Type           Power      Damage    Failure   Level
 Ozocubu's Armour         Ice            18%        N/A       8%          3
 Magic Dart               Conj           4%         1d3       21%         1
 Searing Ray              Conj           2%         2d4       30%         2
 Hailstorm                Conj/Ice       9%         3d4       56%         4
 Fulminant Prism          Conj/Hex       0%         3d6       90%         4


Dungeon Overview and Level Annotations

Branches:
Dungeon (3/15)

Altars:
Okawaru
Xom


Innate Abilities, Weirdness & Mutations

You regenerate magic rapidly.
You are robust. (+10% HP)
You are weak. (Str -2)


Message History

You closely miss the shadow imp.
The shadow imp is lightly wounded.
The ufetubus resists.
The wall freezes the ufetubus.
The shadow imp completely resists.
The wall freezes the shadow imp but does no damage.
The shadow imp hits you but does no damage.
The wall freezes the ufetubus but does no damage.
You closely miss the shadow imp.
The shadow imp is lightly wounded.
The ufetubus resists.
The wall freezes the ufetubus.
The shadow imp completely resists.
The wall freezes the shadow imp but does no damage.
The shadow imp barely misses you.
Unknown command.
You closely miss the shadow imp.
The shadow imp is lightly wounded.
The ufetubus resists.
The wall freezes the ufetubus.
You kill the ufetubus!
The ufetubus disappears in a puff of smoke!
The shadow imp completely resists.
The wall freezes the shadow imp but does no damage.
The shadow imp hits you.
* * * LOW HITPOINT WARNING * * *
You barely miss the shadow imp.
The shadow imp is lightly wounded.
You are now a BORING thing.
The shadow imp completely resists.
The wall freezes the shadow imp but does no damage.
The shadow imp closely misses you.
Unknown command.
You hit the shadow imp.
The shadow imp is lightly wounded.
You hear Xom's avuncular chuckle.
Your body is suffused with distortional energy.
You feel robust.
You feel weaker.
You are now a very special plaything of Xom.
The shadow imp resists.
The wall freezes the shadow imp.
The shadow imp hits you.
You die...
Xom yawns loudly!

....... #####..## #...
#######.## #.......# #...
.......... #.......###...
##.#.#.#.
#............#######.#.#.#.
##........# #.............#.
#.........# #...####....###.
#........####.#.#######.###.
#.....>...5@................
#.....#'#.###.#########.....
#.............# #####.
#.........#...# #.
#........#.#..# #.
#.......#._.#.# ###.
##.......#.#..# #.†.
#........#...# #...
####.........# #...


You could see a shadow imp (summoned).

Vanquished Creatures
  3 adders
  6 orcs
  6 ball pythons
  4 endoplasms
  2 giant cockroaches
  5 hobgoblins
  3 jackals (D:1)
  2 quokkas (D:3)
  7 bats
  A frilled lizard (D:2)
  2 goblins (D:1)
  2 kobolds (D:2)
  5 rats
48 creatures vanquished.

Vanquished Creatures (others)
  An orc (D:3)
  A withered plant (D:1)
2 creatures vanquished.

Grand Total: 50 creatures vanquished

Notes
Turn   | Place    | Note
-------+----------+-------------------------------------------
     0 | D:1      | MacCMillion the Demonspawn Ice Elementalist began the quest
                  | for the Orb.
     0 | D:1      | Reached XP level 1. HP: 13/13 MP: 3/3
   440 | D:1      | Reached skill level 4 in Ice Magic
   462 | D:1      | Gained mutation: You regenerate magic rapidly. [demonic
                  | ancestry]
   462 | D:1      | Reached XP level 2. HP: 13/19 MP: 0/5
   616 | D:1      | Found a faded altar of an unknown god.
   625 | D:1      | Prayed at the altar of an unknown god.
   625 | D:1      | Became a worshipper of Xom the Fickle
  1218 | D:2      | XOM: silly message
  1370 | D:2      | Reached XP level 3. HP: 15/24 MP: 3/6
  1856 | D:2      | Learned a level 3 spell: Frozen Ramparts
  2035 | D:2      | XOM: potion effect (curing)
  2036 | D:2      | XOM: noise
  2241 | D:3      | Reached skill level 5 in Ice Magic
  2532 | D:3      | Reached XP level 4. HP: 28/31 MP: 7/7
  2789 | D:3      | Found an iron altar of Okawaru.
  2812 | D:3      | XOM: summons 2 hostile demons
  2830 | D:3      | XOM is BORED!
  2830 | D:3      | XOM: give mutations
  2830 | D:3      | Gained mutation: You are robust. (+10% HP) [Xom's mischief]
  2830 | D:3      | Gained mutation: You are weak. (Str -2) [Xom's mischief]
  2830 | D:3      | Slain by a shadow imp

Illustrated notes

Levels and vault maps discovered:
D:1:      roderic_chinese_lattice_arrival, layout_loops_cross,
          ebering_ecumenical_altar_petrified, nrook_mini_vaults
D:2:      wad_pebble_path, layout_basic
D:3:      layout_basic, okawaru_metal_pillars_3, lemuel_old_faithful, uniq_robin

Skill      XL: |  1  2  3 |
---------------+----------+-----
Ice Magic      | 4 5 |  5.2
Fighting       | |  0.7
Dodging        | |  1.7
Stealth        | |  1.7
Spellcasting   | |  2.0

Action                   |  1- 3 |  4- 6 || total
-------------------------+-------+-------++-------
Melee: Unarmed           |     3 |       ||     3
       Dagger            |    28 |    15 ||    43
 Cast: Freeze            |    56 |     8 ||    64
       Frozen Ramparts   |     2 |     1 ||     3
 Stab: Sleeping          |     1 |       ||     1
Armor: Robe              |    12 |     2 ||    14
Dodge: Dodged            |    54 |    20 ||    74

Table legend: (Time is in decaauts)
 A = Elapsed time spent in this place.
 B = Non-inter-level travel time spent in this place.
 C = Inter-level travel time spent in this place.
 D = Time resting spent in this place.
 E = Time spent auto-exploring this place.
 F = Levels seen in this place.
 G = Mean time per level.
                   A        B        C        D        E       F      G
               +--------+--------+--------+--------+--------+-----+--------+
         Total |   2828 |   2816 |     12 |    590 |   1796 |   3 |  942.7 |
       Dungeon |   2828 |   2816 |     12 |    590 |   1796 |   3 |  942.7 |
               +--------+--------+--------+--------+--------+-----+--------+

Top non-repeatable levels by time:
     D:1: 1183 daAuts
     D:2: 1048 daAuts
     D:3: 595 daAuts
